 Dungeon Crawl Stone Soup version 0.27-a0-1200-g94dc6ad4cf (webtiles) character file.

Game seed: 7838971557022594344

0 spiderkeys the Skirmisher (level 1, -14/18 HPs)
             Began as a Merfolk Abyssal Knight on June 1, 2021.
             Was a Follower of Lugonu.
             Killed from afar by a purple draconian (28 damage)
             ... with a bolt of dispelling energy
             ... on level 4 of the Abyss.
             The game lasted 00:01:22 (416 turns).

spiderkeys the Skirmisher (Merfolk Abyssal Knight)   Turns: 416, Time: 00:01:22

Health: -14/18     AC:  3    Str: 12    XL:     1   Next: 0%
Magic:  2/2        EV: 12    Int: 11    God:    Lugonu [*.....]
Gold:   14         SH:  0    Dex: 13    Spells: 0/0 levels left

rFire    . . .     SeeInvis .   a - +1 spear
rCold    . . .     Faith    .   (no shield)
rNeg     . . .     Spirit   .   b - +0 leather armour
rPois    .         Reflect  .   (no helmet)
rElec    .         Harm     .   (no cloak)
rCorr    .         Rampage  .   (no gloves)
Will     .....                  (no boots)
Stlth    +.........             (no amulet)
HPRegen  0.06/turn              (no ring)
MPRegen  0.08/turn              (no ring)

@: no status effects
A: (nimble swimmer 2), mertail
a: Renounce Religion, Depart the Abyss


You were on level 4 of the Abyss.
You worshipped Lugonu.
Lugonu was aware of your devotion.
You visited 0 branches of the dungeon, and saw 0 of its levels.
You visited the Abyss 1 time.

You collected 14 gold pieces.


Innate Abilities, Weirdness & Mutations

((You are quick and stealthy near water. (Stealth+, EV+, Speed+++)))
Your lower body shifts to a powerful aquatic tail in water.


   Skills:
 + Level 3.2 Fighting
 + Level 3.0 Polearms
 + Level 0.6 Armour
 + Level 2.6 Dodging
 + Level 2.0 Invocations


You couldn't memorise any spells.
You didn't know any spells.
Your spell library was empty.

Inventory:

Hand Weapons
 a - a +1 spear (weapon)
Missiles
 d - a throwing net {=f!f}
Armour
 b - a +0 leather armour (worn)
Wands
 c - a wand of mindburst (28)
   (You found it on level 2 of the Abyss)

Dungeon Overview and Level Annotations

Branches:
Dungeon (0/15)

Altars:

## .# #. ##..##.# ##
#.##...# #.####.#...##
###.#.....@$.##
#......##.....#
###..#.#..#..d.3..
..#.≈≈.....#...≈! ###
##...≈≈#.≈.#.≈≈..≈≈
≈#≈≈≈≈≈≈≈#..≈.≈.≈≈.≈≈≈≈
≈≈≈.≈≈≈≈≈≈≈≈....≈≈≈≈##≈
♣≈≈.#≈#.≈≈≈≈#..≈≈≈≈≈#
≈≈≈≈# ...≈≈≈....≈≈≈≈≈


You could see a purple draconian (catching breath) and a ynoxinul.


Message History

🤖 Initializing magus.rc ...
Options error: Delay interrupt name "hungry" not recognised. (~/.crawlrc:4988) ✅ Successfully initialized magus.rc [v1.9.10] Welcome, spiderkeys the Merfolk Abyssal Knight.
Will you prevail where others failed? Will you find the Orb of Zot?
Lugonu says: Depart the Abyss and spread corruption, my servant! (use the ability menu to exit the Abyss) Press ? for a list of commands and other information.
Found a corrupted altar of Lugonu.
c - a golden potion Unknown command.
You now have 10 gold pieces.
Your legs become a tail as you enter the water.
Found a gateway leading out of the Abyss.
You now have 14 gold pieces (gained 4).
Found a gateway leading deeper into the Abyss.
Unknown command.
There is a gateway leading deeper into the Abyss here.
You plunge deeper into the Abyss.
You aren't carrying any scrolls.
It was a potion of haste.
You feel yourself speed up.
An apocalypse crab comes into view.
A lurking horror comes into view.
You see here a wand of mindburst (14).
c - a wand of mindburst (14)
A small abomination comes into view.
The apocalypse crab breathes chaos at you.
The blast of chaos engulfs the small abomination.
The small abomination suddenly stops moving!
The small abomination is engulfed in seething chaos.
The small abomination seems to grow stronger.
Your extra speed is starting to run out.
You feel yourself slow down.
You start waiting.
A lurking horror is nearby!
A lurking horror is nearby!
Your body is wracked with pain! 😮 HP[-8]
You take 8 damage, and now have 10/18 hp.
MASSIVE DAMAGE!! (PAUSE)
You start resting.
A large abomination comes into view. 😮 HP[+2]
You regained 2 hp, and now have 12/18 hp.
You start resting. 😎 HP[+6]
Your hp is fully restored (18).
The large abomination misses you.
A spatial maelstrom comes into view.
The spatial maelstrom moves out of view.
A spatial vortex comes into view.
A spatial vortex comes into view.
You hit the spatial maelstrom.
A spatial vortex comes into view.
The spatial maelstrom hits you!
You are cast deeper into the Abyss!
You plunge deeper into the Abyss.
The abyssal rune of Zot can be found at this depth. 😮 HP[-8]
You take 8 damage, and now have 10/18 hp.
MASSIVE DAMAGE!! (PAUSE)
d - a scroll labelled ZUILLI PEHAA
As you read the scroll labelled ZUILLI PEHAA, it crumbles to dust.
The scroll dissolves into smoke.
It was a scroll of fog.
Unknown command.
A neqoxec comes into view. 😮 HP[+1]
Your legs become a tail as you enter the water.
You see here 25 gold pieces.
You see here a wand of mindburst (14).
c - a wand of mindburst (28) (gained 14 charges)
A large abomination comes into view.
Found a gateway leading deeper into the Abyss. 😮 HP[+1]
There is a gateway leading deeper into the Abyss, spattered with blood here.
You plunge deeper into the Abyss.
The abyssal rune of Zot can be found at this depth.
Your legs become a tail as you enter the water. 😮 HP[+1]
You see here a +0 short sword.
You feel yourself growing ill in the presence of the ancient zyme.
You see here a +0 short sword. 😕 HP[+1]
d - a throwing net {=f!f} Your legs become a tail as you enter the water.
A purple draconian comes into view. It is wielding a +0 mace.
The purple draconian roars!
You hear a bellow!
A ynoxinul comes into view.
The purple draconian breathes dispelling energy at you.
The bolt of dispelling energy hits you!!
Ouch! That really hurt!
You die...

Action                   || total
-------------------------++-------
Melee: Spear             ||     1
  Use: Scroll            ||     1
       Potion            ||     1
Dodge: Dodged            ||     1

Levels and vault maps discovered:
Abyss:4:  base: Temple, evilmike_abyss_exit_14, nicolae_abyss_rune_star_stuff,
          bh_abyss_exit_choice, nicolae_abyss_rune_star_stuff

Notes
Turn   | Place    | Note
-------+----------+-------------------------------------------
     0 | Abyss:1  | spiderkeys the Merfolk Abyssal Knight began the quest for
                  | the Orb.
     0 | Abyss:1  | Reached XP level 1. HP: 18/18 MP: 2/2
     0 | Abyss:1  | magus.rc [v1.9.10]
    82 | Abyss:1  | Found a corrupted altar of Lugonu.
   140 | Abyss:2  | Noticed an apocalypse crab
   151 | Abyss:2  | Noticed a small abomination
   221 | Abyss:2  | Noticed a large abomination
   333 | Abyss:2  | Noticed a spatial maelstrom
   334 | Abyss:2  | Noticed a spatial vortex
   335 | Abyss:2  | Noticed a spatial vortex
   336 | Abyss:2  | Noticed a spatial vortex
   336 | Abyss:2  | You are cast deeper into the Abyss!
   347 | Abyss:3  | Noticed a neqoxec
   358 | Abyss:3  | Noticed a frost giant skeleton
   364 | Abyss:3  | Noticed a large abomination
   384 | Abyss:4  | Noticed an ancient zyme
   415 | Abyss:4  | Noticed a purple draconian
   415 | Abyss:4  | Noticed a ynoxinul
   416 | Abyss:4  | Killed from afar by a purple draconian

Vanquished Creatures (others)
  A lurking horror (Abyss:2)
1 creature vanquished.

Table legend:
 A = Non-vault XP
 B = Vault XP
 C = Vault XP percentage of total XP
 D = Non-vault monster count
 E = Vault monster count
 F = Vault count percentage of total count
                 A         B        C        D         E       F
            +---------+---------+-------+---------+---------+-------
      Total |       0 |       0 |   N/A |       0 |       0 |  -nan
            +---------+---------+-------+---------+---------+-------
            +---------+---------+-------+---------+---------+-------

Illustrated notes

Table legend: (Time is in decaauts)
 A = Elapsed time spent in this place.
 B = Non-inter-level travel time spent in this place.
 C = Inter-level travel time spent in this place.
 D = Time resting spent in this place.
 E = Time spent auto-exploring this place.
 F = Levels seen in this place.
 G = Mean time per level.
                   A        B        C        D        E       F      G
               +--------+--------+--------+--------+--------+-----+--------+
         Total |    395 |    395 |      0 |    123 |    130 |   4 |   98.8 |
         Abyss |    395 |    395 |      0 |    123 |    130 |   4 |   98.8 |
               +--------+--------+--------+--------+--------+-----+--------+

Top non-repeatable levels by time:
 Abyss:2: 184 daAuts
 Abyss:1: 134 daAuts
 Abyss:4: 40 daAuts
 Abyss:3: 36 daAuts
